 Dungeon Crawl Stone Soup version 0.31-a0-246-g8cbcc1cb85 (webtiles) character file.

Game seed: 11574939401445420019

29 qw the Shooter (level 3, 0/21 HPs)
             Began as a Gargoyle Hexslinger on July 12, 2023.
             Slain by a jackal (2 damage)
             ... on level 2 of the Dungeon.
             The game lasted 00:00:17 (753 turns).

qw the Shooter (Gargoyle Hexslinger)                 Turns: 753, Time: 00:00:18

Health: 0/21       AC:  5    Str: 11    XL:     3   Next: 16%
Magic:  4/4        EV: 12    Int: 13    God:
Gold:   50         SH:  0    Dex: 14    Spells: 3/4 levels left

rFire   . . .        Y - +1 sling
rCold   . . .        (no shield)
rNeg    + . .        c - +0 robe
rPois   inf          (no helmet)
rElec   +            (no cloak)
rCorr   .            (no gloves)
SInv    .            (no boots)
Will    .....        (no amulet)
Stlth   +            (no ring)
HPRegen 0.23/turn    (no ring)
MPRegen 0.09/turn

%: no passive effects
@: no status effects
A: sickness immunity, AC +3, negative energy resistance 1, electricity
resistance, torment resistance 1, petrification resistance
a: no special abilities


You were on level 2 of the Dungeon.
You visited 1 branch of the dungeon, and saw 2 of its levels.

You collected 50 gold pieces.


Innate Abilities, Weirdness & Mutations

You are immune to sickness and miasma.
Your stone body is resilient. (AC +3)
You are immune to poison.
You resist negative energy. (rN+)
You are resistant to electric shocks. (rElec)
You are resistant to unholy torment.
You are immune to petrification.


   Skills:
 - Level 2.0 Fighting
 + Level 3.1 Ranged Weapons
 - Level 1.5 Dodging
 - Level 1.0 Spellcasting
 - Level 2.6 Hexes


You had 3 spell levels left.
You knew the following spells:

 Your Spells              Type           Power      Damage    Failure   Level
a - Slow                  Hex            28%        N/A       10%         1

Your spell library contained the following spells:

 Spells                   Type           Power      Damage    Failure   Level
 Inner Flame              Hex/Fire       4%         N/A       43%         3
 Portal Projectile        Hex/Tloc       8%         N/A       43%         3
 Cause Fear               Hex            3%         N/A       67%         4

Inventory:

Hand Weapons
 Y - a +1 sling (weapon)
Armour
 c - a +0 robe (worn)
Jewellery
 a - a ring of protection from cold
Potions
 d - a potion of heal wounds {unknown}
 g - a potion of curing {unknown}
 h - a potion of might {unknown}
 j - a potion of enlightenment {unknown}

Dungeon Overview and Level Annotations

Branches:
Dungeon (2/15)

Altars:


Message History

The hobgoblin is lightly wounded.
The hobgoblin barely misses you. The jackal misses you.
You shoot a sling bullet. The sling bullet hits the hobgoblin.
The hobgoblin is severely wounded.
The jackal misses you. The hobgoblin hits you. The jackal closely misses you.
The hobgoblin barely misses you.
You shoot a sling bullet.
The sling bullet hits the hobgoblin but does no damage.
The hobgoblin is heavily wounded.
The jackal barely misses you.
The jackal bites you but does no damage.
The hobgoblin hits you but does no damage.
You shoot a sling bullet.
The sling bullet hits the hobgoblin but does no damage.
The hobgoblin is heavily wounded.
The jackal bites you but does no damage.
The hobgoblin misses you. The jackal misses you.
You shoot a sling bullet. The sling bullet hits the hobgoblin!
You kill the hobgoblin!
The jackal closely misses you. The jackal misses you.
The endoplasm hits you but does no damage.
You shoot a sling bullet. The sling bullet hits the endoplasm.
The endoplasm is lightly wounded.
The jackal barely misses you. The endoplasm freezes you.
You are frozen.
You shoot a sling bullet.
The sling bullet hits the endoplasm but does no damage.
The endoplasm is lightly wounded.
The jackal barely misses you. x2
The endoplasm freezes you.
You are frozen.
You shoot a sling bullet. The sling bullet hits the endoplasm.
You kill the endoplasm!
The jackal bites you but does no damage.
The jackal barely misses you.
You shoot a sling bullet. The sling bullet hits the dart slug.
The dart slug is heavily wounded.
The jackal closely misses you. The jackal bites you.
You die...

.## ...# # #!..
.$# #..#
#####...#
#.#...##.....#.#
#....h........
#w@.#.#.#
##......##. .
#.........
....###.....###
......:..#.%#
...#####.##.###.#
#........# #+#
####.##### #.#
#.#


You could see a dart slug and a jackal.

Vanquished Creatures
  A dart slug (D:1)
  2 bats (D:1)
  4 endoplasms
  5 goblins (D:1)
  3 hobgoblins
  2 kobolds (D:1)
  A quokka (D:2)
  2 ball pythons (D:1)
  3 frilled lizards (D:1)
  A rat (D:2)
24 creatures vanquished.

Notes
Turn   | Place    | Note
-------+----------+-------------------------------------------
     0 | D:1      | qw the Gargoyle Hexslinger began the quest for the Orb.
     0 | D:1      | Reached XP level 1. HP: 12/12 MP: 2/2
     0 | D:1      | 0 ||| qw: Version: 0.3-a-52-g30416fa
     0 | D:1      | 0 ||| qw: Game counter: 6526
     0 | D:1      | 0 ||| qw: Melee chars always use a shield: true
     0 | D:1      | 0 ||| qw: God list: Okawaru
     0 | D:1      | 0 ||| qw: Allow faded altars: false
     0 | D:1      | 0 ||| qw: Do Orc after clearing Dungeon:15 true
     0 | D:1      | 0 ||| qw: Do second Lair branch before Depths: true
     0 | D:1      | 0 ||| qw: Lair rune preference: random
     0 | D:1      | 0 ||| qw: Goals: Normal
     0 | D:1      | 0 ||| PLANNING D:1-11
   172 | D:1      | Reached XP level 2. HP: 16/16 MP: 3/3
   201 | D:1      | Reached skill level 3 in Ranged Weapons
   609 | D:1      | 609 ||| READING scroll labelled URIC GUEB BOAS.
   612 | D:1      | 612 ||| READING 2 scrolls labelled EMPEYCKURU.
   613 | D:1      | 613 ||| READING scroll labelled CIUXKA VITA.
   614 | D:1      | 614 ||| DROPPING scroll of poison.
   615 | D:1      | 615 ||| DROPPING scroll of blinking.
   688 | D:2      | Reached XP level 3. HP: 21/21 MP: 4/4
   751 | D:2      | HP: 1/21 [frozen (5)]
   753 | D:2      | Slain by a jackal

Levels and vault maps discovered:
D:1:      amcnicky_arrival_underground_garden, layout_loops_ring
D:2:      minmay_diamond_boxcup, layout_loops_corners, minmay_bisected

Skill      XL: |  1  2 |
---------------+-------+-----
Ranged Weapons | 3 |  3.1
Fighting       | 2 |  2.0
Dodging        | |  1.5
Spellcasting   | |  1.0
Hexes          | |  2.6

Action                     || total
---------------------------++-------
   Fire: Sling             ||    76
    Use: Scroll            ||     3
 Armour: Robe              ||    20
  Dodge: Dodged            ||    48

Table legend:
 A = Non-vault XP
 B = Vault XP
 C = Vault XP percentage of total XP
 D = Non-vault monster count
 E = Vault monster count
 F = Vault count percentage of total count
                 A         B        C        D         E       F
            +---------+---------+-------+---------+---------+-------
      Total |      38 |       4 |   9.5 |      22 |       2 |   8.3
            +---------+---------+-------+---------+---------+-------
        D:1 |      33 |       0 |   0.0 |      19 |       0 |   0.0
        D:2 |       5 |       4 |  44.4 |       3 |       2 |  40.0
            +---------+---------+-------+---------+---------+-------
